 Dungeon Crawl Stone Soup version 0.30.1-6-gbe392663c4 (webtiles) character file.

Game seed: 12177355581440467105

13 Cheops the Caller (level 2, -1/19 HPs)
             Began as a Merfolk Summoner on Sept 20, 2023.
             Slain by a kobold
             ... wielding a +0 club
              (3 damage)
             ... on level 1 of the Dungeon.
             The game lasted 00:01:13 (487 turns).

Cheops the Caller (Merfolk Summoner)                 Turns: 487, Time: 00:01:14

Health: -1/19      AC:  2    Str:  8    XL:     2   Next: 37%
Magic:  5/5        EV: 12    Int: 14    God:
Gold:   48         SH:  0    Dex: 14    Spells: 4/5 levels left

rFire   . . .        (no weapon)
rCold   . . .        (no shield)
rNeg    . . .        a - +0 robe
rPois   .            (no helmet)
rElec   .            (no cloak)
rCorr   .            (no gloves)
SInv    .            (no boots)
Will    .....        (no amulet)
Stlth   ++           (no ring)
HPRegen 0.23/turn    (no ring)
MPRegen 0.09/turn

%: no passive effects
@: no status effects
A: (nimble swimmer 2), mertail
a: no special abilities


You were on level 1 of the Dungeon.
You visited 1 branch of the dungeon, and saw 1 of its levels.

You collected 48 gold pieces.

Inventory:

Armour
 a - a +0 robe (worn)
Jewellery
 i - a ring of protection from fire
Scrolls
 c - 2 scrolls of identify {unknown}
 d - a scroll of enchant weapon {unknown}
 f - a scroll of amnesia {unknown}
 g - a scroll of poison {unknown}
 h - a scroll of fear {unknown}
Potions
 b - a potion of magic
 e - a potion of invisibility {unknown}


   Skills:
 - Level 2.6 Dodging
 - Level 2.1 Stealth
 - Level 2.0 Spellcasting
 + Level 4.6 Summonings


You had 4 spell levels left.
You knew the following spells:

 Your Spells              Type           Power      Damage    Failure   Level
M - Summon Small Mammal   Summ           56%        N/A       3%          1

Your spell library contained the following spells:

 Spells                   Type           Power      Damage    Failure   Level
 Call Imp                 Summ           28%        N/A       5%          2
 Call Canine Familiar     Summ           14%        N/A       11%         3
 Summon Guardian Golem    Hex/Summ       7%         N/A       28%         3
 Summon Lightning Spire   Summ/Air       7%         N/A       67%         4


Dungeon Overview and Level Annotations

Branches:
Dungeon (1/15)

Altars:


Innate Abilities, Weirdness & Mutations

((You are very nimble when in or above water. (Stealth+, EV+, Speed+++)))
Your lower body shifts to a powerful aquatic tail in water.


Message History

The endoplasm is heavily wounded.
Your bat hits the endoplasm but does no damage.
Your quokka barely misses the endoplasm.
The endoplasm hits you but does no damage.
The kobold hits you with a +0 club.
* * * LOW HITPOINT WARNING * * *
You hit the endoplasm.
The endoplasm is severely wounded.
Your bat disappears in a puff of smoke!
Your quokka bites the endoplasm but does no damage.
The kobold closely misses you.
Your quokka bites the endoplasm.
The endoplasm freezes you.
You are frozen.
* * * LOW HITPOINT WARNING * * *
You hit the endoplasm but do no damage.
The endoplasm is almost dead.
Your quokka bites the endoplasm.
The endoplasm dies!
The kobold hits you with a +0 club.
* * * LOW HITPOINT WARNING * * *
You barely miss the kobold.
Your quokka barely misses the kobold.
The kobold barely misses you.
You closely miss the kobold.
Your quokka closely misses the kobold.
The kobold closely misses you.
You barely miss the kobold.
Your quokka closely misses the kobold.
The kobold misses you.
You hit the kobold but do no damage.
Your quokka bites the kobold but does no damage. x2
The kobold misses you.
You closely miss the kobold.
Your quokka barely misses the kobold.
The kobold hits you with a +0 club.
* * * LOW HITPOINT WARNING * * *
You hit the kobold.
The kobold is moderately wounded.
Your quokka closely misses the kobold.
The kobold hits you with a +0 club.
* * * LOW HITPOINT WARNING * * *
You completely miss the kobold.
The kobold is moderately wounded.
Your quokka barely misses the kobold.
The kobold hits you with a +0 club.
You die...

#...# #.#
####...# #.# .#
.>.....# #.# .#
#####..# #.# #(#
#..# #.####..
#....#.#
##$...#.#
###.......####.#
........)@).....#
####$...Kr.......
##....#.#####.
#....#.# #.##.#.#
##### ... #....
..... .... #..#.
##### ### #.# #.


You could see a kobold (ally target) and a friendly quokka (summoned).

Vanquished Creatures
  A giant cockroach (D:1)
  A hobgoblin (D:1)
  A ball python (D:1)
3 creatures vanquished.

Vanquished Creatures (collateral kills)
  A dart slug (D:1)
  An endoplasm (D:1)
  A giant cockroach (D:1)
  2 goblins (D:1)
  A bat (D:1)
  A kobold (D:1)
7 creatures vanquished.

Grand Total: 10 creatures vanquished

Notes
Turn   | Place    | Note
-------+----------+-------------------------------------------
     0 | D:1      | Cheops the Merfolk Summoner began the quest for the Orb.
     0 | D:1      | Reached XP level 1. HP: 13/13 MP: 3/3
   403 | D:1      | Reached XP level 2. HP: 19/19 MP: 1/5
   487 | D:1      | Slain by a kobold

Illustrated notes

Levels and vault maps discovered:
D:1:      minmay_arrival_four_houses, layout_loops_ring

Action                     || total
---------------------------++-------
  Melee: Unarmed           ||    51
   Cast: Summon Small Mamm ||    11
   Stab: Distracted        ||     1
 Armour: Robe              ||     9
  Dodge: Dodged            ||    43
